 Dungeon Crawl Stone Soup version 0.32-a0-931-g5a2cda0630 (webtiles) character file.

Game seed: 897239766669364712

177 KineticRobot the Apothecary (level 5, -3/85 HPs)
             Began as a Coglin Alchemist on Apr 13, 2024.
             Slain by an iguana (8 damage)
             ... on level 4 of the Dungeon.
             The game lasted 00:12:29 (3644 turns).

KineticRobot the Apothecary (Coglin Alchemist)      Turns: 3644, Time: 00:12:30

Health: -3/85      AC: 22    Str:  8    XL:     5   Next: 57%
Magic:  2/8        EV:  2    Int: 17    God:
Gold:   191        SH:  0    Dex: 14    Spells: 2/9 levels left

rFire   . . .        h - +0 hand axe {Zolin}
rCold   . . .        o - +0 short sword {Servius}
rNeg    . . .        q - melded +0 leather armour
rPois   +            (helmet currently unavailable)
rElec   .            g - melded +1 cloak
rCorr   .            p - melded +1 pair of gloves
SInv    .            (boots currently unavailable)
Will    .....        (amulet unavailable) Stlth
                     (ring unavailable)
HPRegen 0.34/turn    (ring unavailable)
MPRegen 0.11/turn    (no gizmo)

%: no passive effects
@: berserking, tree-form, very slightly contaminated, revved, very quick
A: stationary, stasis, torment immunity, boosted hp, off-hand wielding, slow
wielding, warmup strikes, no jewellery
a: Invent Gizmo


You were on level 4 of the Dungeon.
You were a tree.
You visited 1 branch of the dungeon, and saw 4 of its levels.

You collected 191 gold pieces.

Inventory:

Hand Weapons
 d - a +0 dagger {Tepiltzin}
 h - a +0 hand axe (weapon) {Zolin}
 o - a +0 short sword (offhand) {Servius}
Armour
 a - a +0 robe
 g - a +1 cloak (melded)
 p - a +1 pair of gloves (melded)
 q - a +0 leather armour (melded)
Scrolls
 f - 2 scrolls of blinking
 r - a scroll of fog
 s - a scroll of identify
Potions
 b - 2 potions of magic
 c - a potion of lignification
 j - 2 potions of enlightenment {unknown}
 k - a potion of cancellation {unknown}
 l - a potion of mutation {unknown}
 m - a potion of might {unknown}
 n - 2 potions of attraction {unknown}


   Skills:
 + Level 1.7 Fighting
 + Level 2.0 Axes
 + Level 2.4 Dodging
 - Level 1.5 Stealth
 * Level 2.5 Spellcasting
 - Level 1.7 Conjurations
 + Level 4.1 Alchemy


You had 2 spell levels left.
You knew the following spells:

 Your Spells              Type           Power      Damage    Failure   Level
a - Sting                 Conj/Alch      48%        1d6       5%          1
b - Mercury Vapours       Alch/Air       18%        N/A       12%         2
c - Olgreb's Toxic Radia  Alch           16%        N/A       32%         4

Your spell library contained the following spells:

 Spells                   Type           Power      Damage    Failure   Level
 Mephitic Cloud           Conj/Alch/Air  8%         N/A       24%         3
 Ignite Poison            Fire/Alch      9%         N/A       61%         4
 Sticky Flame             Fire/Alch      9%         2d5       61%         4
 Ignition                 Fire           1%         3d3       100%        8


Dungeon Overview and Level Annotations

Branches:
Dungeon (4/15)
 Temple: D:4-7

Altars:
Cheibriados
Okawaru
Ru
Trog

Annotations:
D:4 Edmund


Innate Abilities, Weirdness & Mutations

You are a tree.
Your roots penetrate the ground, keeping you stationary.
You cannot be teleported.
You are immune to unholy pain and torment.
Your maximum health is greatly increased.
Your equipment is partially melded.
You can wield a second weapon in your off-hand.
It takes a long time for you to wield or remove held weapons.
Your first few attacks do less damage.
You cannot equip rings or amulets.


Message History

* * * LOW HITPOINT WARNING * * *
You feel better.
The iguana bites you but does no damage.
Edmund hits you but does no damage.
Okay, then.
Okay, then.
Okay, then.
You hit Edmund with your +0 short sword.
Edmund is heavily wounded.
You hit Edmund but do no damage.
You hit the iguana with your +0 hand axe.
Edmund hits you with a +2 dire flail of venom.
* * * LOW HITPOINT WARNING * * *
The iguana bites you but does no damage. x2
Edmund barely misses you.
You hit Edmund but do no damage.
Edmund is heavily wounded.
You hit Edmund but do no damage.
You barely miss the iguana with your +0 hand axe.
The iguana bites you!
* * * LOW HITPOINT WARNING * * *
Edmund says, "I'm quite good with sums, too."
Edmund hits you but does no damage.
Okay, then.
You aren't carrying any items that you can evoke.
It was a potion of berserk rage.
A red film seems to cover your vision as you go berserk!
You feel yourself moving faster!
You feel mighty!
Edmund looks more healthy.
The iguana bites you but does no damage.
Edmund hits you but does no damage.
You puncture Edmund with your +0 short sword!
Edmund is severely wounded.
You hit Edmund with your +0 hand axe.
You hit the iguana with your +0 hand axe.
You closely miss Edmund with your +0 hand axe.
Edmund is almost dead.
You hit the iguana with your +0 hand axe.
You barely miss Edmund with your +0 short sword.
The iguana bites you!
You die...

#. .####
#.#.. ##....
#....##
#.....#
#....##
#..♣..#
#..@l..#
#.......#
#.........#
#.........#
#..........#
#........)..
#...........


You could see Edmund and an iguana.

Vanquished Creatures
  Jessica (D:3)
  Natasha (twice) (D:2)
  2 adders
  3 dart slugs
  2 ribbon worms (D:3)
  5 ball pythons
  4 endoplasms
  4 giant cockroaches
  6 goblins
  8 hobgoblins
  4 jackals (D:1)
  11 kobolds
  9 quokkas
  3 bats
  4 frilled lizards
  7 rats
75 creatures vanquished.

Notes
Turn   | Place    | Note
-------+----------+-------------------------------------------
     0 | D:1      | KineticRobot the Coglin Alchemist began the quest for the
                  | Orb.
     0 | D:1      | Reached XP level 1. HP: 13/13 MP: 3/3
    50 | D:1      | Reached skill level 1 in Conjurations
   141 | D:1      | Reached XP level 2. HP: 20/20 MP: 2/4
   263 | D:1      | Learned a level 2 spell: Mercury Vapours
   743 | D:1      | Reached skill level 1 in Axes
   743 | D:1      | Reached XP level 3. HP: 25/25 MP: 6/6
  1013 | D:1      | Reached skill level 1 in Fighting
  1224 | D:2      | Noticed Natasha
  1234 | D:2      | Killed Natasha
  1235 | D:2      | Reached XP level 4. HP: 19/32 MP: 3/7
  1682 | D:2      | You fall into a shaft and drop 1 floor!
  1794 | D:3      | Found an iron altar of Okawaru.
  1834 | D:3      | Found a faded altar of an unknown god.
  1839 | D:3      | Found a bloodstained altar of Trog.
  2394 | D:2      | Noticed Natasha
  2402 | D:2      | Killed Natasha
  2403 | D:2      | Reached XP level 5. HP: 33/37 MP: 3/8
  2468 | D:2      | Reached skill level 4 in Alchemy
  2473 | D:2      | Learned a level 4 spell: Olgreb's Toxic Radiance
  2727 | D:3      | Found a sacrificial altar of Ru.
  2807 | D:3      | Found a faded altar of an unknown god.
  3134 | D:3      | Found a snail-covered altar of Cheibriados.
  3176 | D:3      | Noticed Jessica
  3184 | D:3      | Killed Jessica
  3623 | D:4      | Noticed Edmund
  3644 | D:4      | Slain by an iguana

Illustrated notes

Levels and vault maps discovered:
D:1:      scummos_arrival_star, layout_loops_cross, corexii_leaking_fountain,
          minmay_split_cup_small
D:2:      layout_loops_corners, uniq_natasha
D:3:      layout_loops_corners, amcnicky_altar_gilded,
          nicolae_overflow_ecumenical_swirl, okawaru_metal_pillars_3,
          slow_altar_2, ebering_ecumenical_altar_petrified,
          chequers_serial_rivers_micro_d, minivault_25, uniq_jessica
D:4:      layout_cave_pods, vehumet_statue, minmay_temple_entry_ruins,
          minmay_parallelograms, uniq_edmund

Skill      XL: |  1  2  3  4  5 |
---------------+----------------+-----
Conjurations   | 1 |  1.7
Spellcasting   | 2 |  2.5
Dodging        | 2 |  2.4
Axes           | 1 2 |  2.0
Fighting       | 1 |  1.7
Alchemy        | 4 |  4.1
Stealth        | |  1.5

Action                     |  1- 3 |  4- 6 || total
---------------------------+-------+-------++-------
  Melee: Unarmed           |     8 |       ||     8
         Dagger            |    31 |    17 ||    48
         Hand axe          |    21 |    66 ||    87
         Short sword       |       |    50 ||    50
   Cast: Sting             |    45 |    57 ||   102
         Mercury Vapours   |     2 |     6 ||     8
    Use: Scroll            |     5 |     1 ||     6
         Potion            |       |     5 ||     5
 Armour: Robe              |    30 |    15 ||    45
         Leather armour    |       |    21 ||    21
         Skin              |       |    20 ||    20
  Dodge: Dodged            |    36 |    46 ||    82

Table legend: (Time is in decaauts)
 A = Elapsed time spent in this place.
 B = Non-inter-level travel time spent in this place.
 C = Inter-level travel time spent in this place.
 D = Time resting spent in this place.
 E = Time spent auto-exploring this place.
 F = Levels seen in this place.
 G = Mean time per level.
                   A        B        C        D        E       F      G
               +--------+--------+--------+--------+--------+-----+--------+
         Total |   3661 |   3603 |     58 |     90 |   2830 |   4 |  915.2 |
       Dungeon |   3661 |   3603 |     58 |     90 |   2830 |   4 |  915.2 |
               +--------+--------+--------+--------+--------+-----+--------+

Top non-repeatable levels by time:
     D:2: 1294 daAuts
     D:1: 1208 daAuts
     D:3: 1137 daAuts
     D:4: 21 daAuts
